 Dungeon Crawl Stone Soup version 0.28-a0-511-gcc94558de3 (webtiles) character file.

Game seed: 12587627324280732641

334 wakim the Skirmisher (level 6, -1/52 HPs)
             Began as a Palentonga Abyssal Knight on Sept 21, 2021.
             Was a Priest of Lugonu.
             Slain by Prince Ribbit (7 damage)
             ... on level 5 of the Dungeon.
             The game lasted 00:07:06 (3587 turns).

wakim the Skirmisher (Palentonga Abyssal Knight)    Turns: 3587, Time: 00:07:07

Health: -1/52      AC:  6    Str: 16    XL:     6   Next: 27%
Magic:  7/7        EV:  8    Int: 17    God:    Lugonu [***...]
Gold:   208        SH:  0    Dex: 12    Spells: 5/5 levels left

rFire   . . .      SeeInvis +   c - +6 trident "Assud" {vamp, Fragile Will++ Int+6}
rCold   . . .      Faith    .   (no shield)
rNeg    . . .      Spirit   .   g - +0 ring mail
rPois   .          Reflect  .   m - +0 helmet
rElec   .          Harm     .   (no cloak)
rCorr   .          Rampage  .   (no gloves)
Will    +++..                   (no barding)
Stlth   +.........              n - amulet of the acrobat
HPRegen 0.17/turn               d - ring of willpower
MPRegen 0.10/turn               (no ring)

@: no status effects
A: large, rugged brown scales 3, see invisible, deformed body, roll 1, armoured
tail
a: Rolling Charge, Renounce Religion, Depart the Abyss, Bend Space, Banish


You were on level 5 of the Dungeon.
You worshipped Lugonu.
Lugonu was most pleased with you.
You visited 1 branch of the dungeon, and saw 5 of its levels.
You visited the Abyss 1 time.

You collected 208 gold pieces.

Inventory:

Hand Weapons
 a - a +1 mace
 b - a +0 quarterstaff
 c - the +6 trident "Assud" (weapon) {vamp, Fragile Will++ Int+6}
   (You found it on level 4 of the Dungeon)

   It occasionally heals its wielder for a portion of the damage dealt when it
   wounds a living foe.
   Int:       It affects your intelligence (+6).
   Fragile:   It will be destroyed if unequipped.
   Will:      It greatly increases your willpower.
Missiles
 l - 13 poisoned darts
Armour
 g - a +0 ring mail (worn)
 m - a +0 helmet (worn)
Jewellery
 d - a ring of willpower (left hand)
 n - an amulet of the acrobat (around neck)
Scrolls
 e - 4 scrolls of amnesia {unknown}
 f - 2 scrolls of identify {unknown}
 h - 2 scrolls of teleportation {unknown}
 i - a scroll of holy word {unknown}
 k - a scroll of immolation {unknown}
 o - 2 scrolls of brand weapon {unknown}
 p - 2 scrolls of enchant armour {unknown}
Potions
 j - a potion of magic {unknown}
 q - a potion of attraction {unknown}
 r - a potion of heal wounds {unknown}


   Skills:
 + Level 4.7 Fighting
 - Level 3.5(4.4) Maces & Flails
 * Level 0.8(2.3) Polearms
 - Level 3.9(4.6) Staves
 - Level 1.5 Armour
 - Level 0.7 Dodging
 - Level 2.0 Invocations


You had 5 spell levels left.
You didn't know any spells.
Your spell library was empty.

Dungeon Overview and Level Annotations

Branches:
Dungeon (5/15)
 Temple: D:4-7

Altars:

Shops:
D:1 [

Annotations:
D:5 Prince Ribbit


Innate Abilities, Weirdness & Mutations

You are completely covered in rugged brown scales. (AC +3, +7% HP)
You have supernaturally acute eyesight. (SInv)
Armour fits poorly on your strangely shaped body.
You can roll at nearby foes to attack.
You have a long armoured tail.


Message History

Prince Ribbit gives a loud, deep croak!
The gnoll shouts! x2
You hear an angry hiss.
The gnoll hits you but does no damage.
You puncture the gnoll!
The gnoll is almost dead.
An adder comes into view.
The gnoll hits you but does no damage.
Prince Ribbit blinks!
The gnoll hits you with a +0 club.
You reach to attack!
You puncture the gnoll!
The gnoll is severely wounded.
You puncture the gnoll!
You feel better.
The gnoll is heavily wounded.
You puncture the gnoll!
You feel better.
You kill the gnoll!
Lugonu accepts your kill. The gnoll hits you with a +0 flail.
You puncture the gnoll!
You feel better.
You kill the gnoll!
Lugonu accepts your kill. Prince Ribbit hits you!
Unknown command.
You puncture Prince Ribbit!
Prince Ribbit is moderately wounded.
Prince Ribbit catches a baby bat with his tongue.
Prince Ribbit hits you!
Prince Ribbit blinks!
Unknown command.
Roll where?
Press: ? - help, Dir - move target, f - Prince Ribbit
Aim: Prince Ribbit (moderately wounded)
You roll forward with a clatter of scales!
You barely miss Prince Ribbit.
Prince Ribbit is moderately wounded.
Prince Ribbit hits you!
* * * LOW HITPOINT WARNING * * *
You barely miss Prince Ribbit.
Prince Ribbit is moderately wounded.
Prince Ribbit hits you!
* * * LOW HITPOINT WARNING * * *
Prince Ribbit hits you!
You die...

#### ##+###.. ##...##.#
# ##.....#.#
#.######.(......# .
F....#........<## ...
...+................
#....#.#○S°@F...........
#......g#.......######..
#.#.##..##.....##
....###...## ..###.#
##+## #.# #.# # #.# #.#
..#


You could see Prince Ribbit, a gnoll and an adder.

Vanquished Creatures
  Sigmund (D:3)
  A hound (D:4)
  A hound skeleton (D:4)
  2 adders
  2 gnolls (D:5)
  An ufetubus (D:5)
  An adder skeleton (D:2)
  A worm (D:3)
  A dart slug (D:2)
  6 bats
  5 endoplasms
  7 giant cockroaches
  8 goblins
  4 hobgoblins
  6 jackals
  2 quokkas (D:3)
  7 ball pythons
  7 frilled lizards
  2 kobolds
  7 rats
72 creatures vanquished.

Vanquished Creatures (others)
  2 fungi (D:1)
  11 plants
13 creatures vanquished.

Grand Total: 85 creatures vanquished

Notes
Turn   | Place    | Note
-------+----------+-------------------------------------------
     0 | Abyss:1  | wakim the Palentonga Abyssal Knight began the quest for the
                  | Orb.
     0 | Abyss:1  | Reached XP level 1. HP: 19/19 MP: 2/2
    22 | D:1      | Escaped the Abyss
   216 | D:1      | Reached XP level 2. HP: 25/25 MP: 3/3
   502 | D:1      | Found a faded altar of an unknown god.
   568 | D:1      | Found Intuuwno's Antique Armour Emporium.
   570 | D:1      | Reached ** piety under Lugonu
   913 | D:2      | Reached XP level 3. HP: 31/31 MP: 4/4
  1941 | D:3      | Reached XP level 4. HP: 20/39 MP: 5/5
  2207 | D:3      | Reached skill level 1 in Staves
  2210 | D:3      | Noticed Sigmund
  2224 | D:3      | Killed Sigmund
  2225 | D:3      | Reached skill level 4 in Fighting
  2225 | D:3      | Reached XP level 5. HP: 34/46 MP: 6/6
  2467 | D:3      | Reached *** piety under Lugonu
  2607 | D:4      | Reached XP level 6. HP: 16/52 MP: 7/7
  3041 | D:4      | Identified the +6 trident "Assud" {vamp, Fragile Will++
                  | Int+6}
  3270 | D:5      | Entered Level 5 of the Dungeon
  3288 | D:5      | Noticed an orc warrior
  3578 | D:5      | Noticed Prince Ribbit
  3587 | D:5      | Slain by Prince Ribbit

Illustrated notes

Levels and vault maps discovered:
D:1:      dpeg_arrival_castle, layout_loops_cross,
          shapermc_ecumenical_altar_mp_urbaneastern, serial_shops,
          nicolae_shop_overgrown_old_shop
D:2:      layout_loops_ring
D:3:      layout_loops_ring, serial_bayou, serial_bayou_pond_e,
          serial_bayou_pond_a, serial_bayou_pond_e, serial_bayou_pond_d,
          serial_bayou_pond_a, uniq_sigmund
D:4:      layout_gridville
D:5:      layout_loops_corners, minmay_temple_entry_mini_moons,
          gup_sewer_entry_spiral, uniq_prince_ribbit1

Skill      XL: |  1  2  3  4 |
---------------+-------------+-----
Maces & Flails | 3 |  3.5
Staves         | 3 |  3.9
Fighting       | 4 |  4.7
Polearms       | |  0.8
Armour         | |  1.5
Dodging        | |  0.7
Invocations    | |  2.0

Action                   |  1- 3 |  4- 6 || total
-------------------------+-------+-------++-------
Melee: Mace              |    94 |       ||    94
       Tailslap          |    11 |     7 ||    18
       Quarterstaff      |    25 |    68 ||    93
       Trident           |       |    19 ||    19
 Abil: Rolling Charge    |    32 |    20 ||    52
Armor: Leather armour    |    20 |       ||    20
       Ring mail         |    37 |    37 ||    74
Dodge: Dodged            |    48 |    42 ||    90

Table legend: (Time is in decaauts)
 A = Elapsed time spent in this place.
 B = Non-inter-level travel time spent in this place.
 C = Inter-level travel time spent in this place.
 D = Time resting spent in this place.
 E = Time spent auto-exploring this place.
 F = Levels seen in this place.
 G = Mean time per level.
                   A        B        C        D        E       F      G
               +--------+--------+--------+--------+--------+-----+--------+
         Total |   3634 |   3504 |    130 |    590 |   2349 |   6 |  605.7 |
       Dungeon |   3612 |   3482 |    130 |    590 |   2345 |   5 |  722.4 |
         Abyss |     22 |     22 |      0 |      0 |      4 |   1 |   22.0 |
               +--------+--------+--------+--------+--------+-----+--------+

Top non-repeatable levels by time:
     D:3: 1170 daAuts
     D:1: 860 daAuts
     D:2: 774 daAuts
     D:4: 751 daAuts
     D:5: 54 daAuts
 Abyss:1: 22 daAuts
